Match 46225583
Unlisted

Match 46225583
End
Selects Italian Combined Arms Battlegroup
Selects Bersaglieri Squad
Bersaglieri Squad
Kradschützen Motorcycle Team
Panzerpioneer Squad
Bersaglieri Squad
Construct Light Support Kompanie
Bersaglieri Squad
2.5-tonne Medical Truck
Selects Semovente da 75/18 Assault Gun
Semovente da 75/18 Assault Gun
Selects Carro Armato M13/40 Light Tank
Carro Armato M13/40 Light Tank
Panzerjäger Squad
Construct Mechanized Kompanie
Selects Pact of Steel
Selects Vehicle Support - Secure Location
Support Armor Elements
StuG III D Assault Gun
Semovente da 75/18 Assault Gun
Panzerpioneer Squad
StuG III D Assault Gun
Carro Armato M13/40 Light Tank
Enfelon
Sid
0
0

Comments sign in to comment!

No comments posted yet!